Map: Ruins of Seras

Players

True

  • Race: Zerg Zerg
  • League: Diamond

Beastyqt - Winner!

  • Race: Terran Terran
  • League: Diamond

VOD

Have the link to the VOD?

Description

Time

  • Played on: Sept. 5, 2015, 5:42 p.m.
  • Length: 43:42
Show
View Real Time Build Order
Export as new Build Order

True Zerg 

Build Orders: Hatch First, Lurkers, Muta Ling Bane 

Get SALT Encoding   

  12  0:01  Drone  
  13  0:13  Overlord  
  13  0:18  Drone  
  14  0:31  Drone x2  
  14  0:35  Drone  
  17  0:53  Hatchery  
  16  0:58  Drone  
  16  0:59  Drone  
  18  1:07  Extractor  
  17  1:19  Drone  
  17  1:21  Spawning Pool  
  17  1:22  Drone  
  18  1:29  Drone  
  19  1:39  Overlord  
  19  1:50  Drone  
  20  2:01  Drone  
  20  2:06  Drone  
  20  2:07  Queen x2  
  26  2:12  Drone  
  27  2:16  Drone  
  27  2:22  Drone  
  29  2:26  Drone  
  30  2:33  Drone  
  31  2:38  Drone  
  31  2:43  Queen  
  34  2:45  Overlord  
  34  2:48  Zergling x2  
  35  2:51  Lair  
  35  2:54  Overlord  
  35  2:59  Drone  
  36  3:15  Drone x3  
  36  3:16  Drone x2, Overlord  
  36  3:17  Drone x2  
  43  3:21  Drone  
  43  3:24  Overlord  
  44  3:32  Overlord  
  44  3:34  Queen  
  44  3:41  Extractor  
  45  3:50  Spire, Queen  
  45  3:52  Zergling x10  
  45  3:55  Drone x3  
  54  3:57  Extractor  
  54  4:01  Overlord  
  52  4:15  Queen  
  54  4:20  Spore Crawler  
  51  4:25  Queen  
  50  4:40  Drone  
  50  4:41  Drone x3  
  50  4:43  Extractor  
  52  4:55  Queen  
  50  5:01  Queen  
  50  5:04  Mutalisk x4  
  48  5:16  Mutalisk  
  46  5:26  Drone x2  
  46  5:27  Drone x4  
  48  5:28  Drone  
  48  5:32  Drone  
  49  5:35  Drone  
  49  5:40  Drone  
  51  5:44  Drone  
  51  5:46  Drone  
  53  5:51  Drone  
  53  5:52  Drone  
  53  5:53  Drone  
  53  5:55  Drone  
  57  5:59  Drone  
  57  6:00  Drone  
  57  6:02  Drone  
  60  6:04  Drone  
  60  6:06  Drone  
  60  6:08  Drone  
  60  6:09  Drone  
  64  6:12  Drone  
  64  6:13  Drone  
  67  6:18  Drone  
  67  6:22  Drone  
  69  6:25  Drone  
  69  6:27  Drone  
  69  6:30  Drone  
  71  6:33  Drone x3  
  71  6:35  Drone x2  
  75  6:41  Drone  
  76  6:47  Evolution Chamber x2  
  74  6:57  Drone x2  
  74  6:58  Overlord  
  74  6:59  Hydralisk Den  
  75  7:05  Metabolic Boost  
  75  7:06  Zergling x2  
  75  7:08  Overlord  
  76  7:13  Zerg Ground Armor Level 1  
  76  7:14  Zerg Melee Weapons Level 1  
  76  7:16  Overlord  
  76  7:20  Zergling x4  
  76  7:21  Zergling x2  
  76  7:22  Baneling Nest  
  78  7:23  Zergling x2  
  78  7:24  Zergling x2  
  78  7:26  Zergling x2  
  78  7:29  Hatchery, Zergling x2  
  81  7:31  Zergling x2  
  81  7:32  Spine Crawler  
  81  7:33  Zergling x2  
  81  7:36  Zergling x2  
  83  7:38  Queen  
  83  7:40  Zergling x2  
  83  7:41  Zergling x2  
  83  7:43  Zergling x2  
  88  7:44  Lurker Den, Zergling x2  
  88  7:46  Zergling x2  
  88  7:48  Zergling x2  
  91  7:56  Overlord  
  92  8:03  Overlord  
  92  8:04  Zergling x2  
  92  8:05  Centrifical Hooks, Baneling x4  
  92  8:06  Baneling x2  
  92  8:08  Overlord  
  90  8:28  Hydralisk x5  
  90  8:29  Hydralisk  
  102  8:48  Zergling x10  
  107  8:50  Hatchery  
  107  8:51  Zergling x2  
  107  8:53  Zergling x2  
  108  8:55  Zergling x2  
  109  9:03  Zergling x6  
  109  9:04  Zergling x2  
  114  9:13  Zergling x2  
  114  9:15  Zergling x2  
  109  9:17  Zergling x2  
  109  9:18  Zergling x2  
  109  9:20  Zergling x2  
  101  9:31  Lurker x4  
  105  9:32  Zerg Ground Armor Level 2, Zerg Melee Weapons Level 2  
  105  9:42  Hatchery  
  104  9:59  Drone  
  111  10:00  Drone x11  
  111  10:02  Baneling x7  
  111  10:03  Baneling x5  
  111  10:04  Baneling  
  111  10:05  Hatchery  
  115  10:25  Pneumatized Carapace  
  115  10:26  Overseer  
  115  10:27  Drone  
  115  10:28  Overlord x2  
  116  10:29  Overlord  
  116  10:34  Overlord  
  116  10:40  Overlord  
  116  10:47  Hydralisk x2  
  116  10:48  Hydralisk x2  
  124  10:51  Hydralisk  
  124  10:52  Hydralisk  
  127  10:59  Zergling x6  
  127  11:03  Zergling x2  
  127  11:04  Zergling x2  
  130  11:10  Zergling x2  
  128  11:15  Zergling x2  
  126  11:28  Drone x6  
  126  11:29  Drone x2  
  126  11:32  Baneling  
  134  11:35  Lurker x3  
  134  11:36  Lurker x2, Spawning Pool  
  138  11:42  Drone x4  
  142  11:49  Overlord  
  142  11:56  Extractor  
  142  11:58  Extractor  
  140  12:13  Overlord  
  140  12:18  Drone x3  
  140  12:20  Corruptor x4, Extractor  
  140  12:21  Extractor  
  149  12:35  Drone, Infestation Pit  
  149  12:36  Drone  
  150  12:46  Zergling x14  
  150  12:47  Zergling x4  
  159  12:57  Zergling x2  
  159  12:58  Zergling x6  
  159  13:01  Burrow  
  159  13:02  Overlord  
  159  13:08  Hatchery  
  159  13:10  Overlord  
  159  13:12  Hive  
  158  13:13  Overlord  
  158  13:15  Pathogen Glands  
  158  13:17  Baneling x5  
  158  13:21  Lurker  
  159  13:29  Infestor x2  
  159  13:30  Infestor  
  159  13:33  Zergling x26  
  178  13:40  Zerg Missile Weapons Level 1  
  177  13:42  Corruptor  
  177  13:43  Corruptor  
  177  13:44  Corruptor  
  177  13:46  Overlord x5  
  183  13:56  Overlord  
  183  14:01  Overlord  
  183  14:15  Corruptor x2  
  186  14:18  Zergling x8  
  186  14:19  Zergling x24  
  196  14:36  Spine Crawler, Baneling  
  196  14:37  Extractor, Spine Crawler x2, Baneling x6  
  192  14:39  Adrenal Glands  
  192  14:40  Spine Crawler  
  192  14:44  Zerg Ground Armor Level 3  
  189  14:55  Ultralisk Cavern  
  189  14:58  Drone  
  189  14:59  Drone x2  
  189  15:04  Infestor  
  189  15:05  Infestor  
  193  15:10  Drone  
  194  15:15  Extractor  
  194  15:16  Spore Crawler  
  191  15:35  Zergling x2  
  191  15:36  Zergling x10  
  191  15:39  Overlord  
  191  15:41  Zergling x4  
  199  15:43  Zergling x2  
  199  15:56  Zergling x2  
  200  16:01  Zergling x10  
  200  16:03  Zergling x14  
  169  16:28  Baneling  
  169  16:29  Ultralisk Cavern, Baneling x11  
  169  16:30  Zerg Melee Weapons Level 3  
  169  16:31  Zergling x2  
  169  16:32  Zergling x48  
  187  16:33  Zergling x2  
  187  16:35  Zergling x2  
  187  16:36  Zergling x2  
  187  16:38  Drone  
  170  17:18  Ultralisk x3  
  170  17:19  Ultralisk, Chitinous Plating  
  170  17:21  Ultralisk  
  170  17:22  Baneling  
  198  17:33  Ultralisk  
  195  17:38  Ultralisk  
  177  17:48  Ultralisk  
  177  17:49  Zergling x4  
  177  17:50  Zergling x2  
  170  17:58  Ultralisk, Zergling x2  
  175  17:59  Zergling x2  
  175  18:01  Zergling x2  
  175  18:02  Zergling x2  
  175  18:04  Zergling x4  
  180  18:07  Zergling x2  
  180  18:08  Zergling x2  
  180  18:09  Baneling x4  
  180  18:10  Baneling  
  180  18:11  Baneling x2  
  180  18:12  Baneling  
  182  18:15  Infestor  
  182  18:16  Infestor  
  186  18:20  Infestor  
  186  18:22  Infestor  
  186  18:24  Infestor  
  186  18:27  Infestor  
  192  18:32  Infestor x2  
  198  18:34  Infestor  
  188  18:41  Zergling x2  
  188  18:43  Zergling x2  
  188  18:44  Zergling x6  
  188  18:45  Zergling x2  
  188  18:46  Zergling x2  
  188  18:47  Zergling x4  
  187  18:49  Zergling x2  
  187  18:52  Zergling x4  
  187  18:53  Zergling x4  
  187  18:54  Zergling x2  
  187  18:55  Zergling x2  
  181  18:57  Zergling x4  
  181  18:59  Zergling x2  
  181  19:00  Zergling x2  
  181  19:01  Zergling x2  
  135  19:04  Zergling x4  
  135  19:05  Zergling x2  
  128  19:10  Zergling x8  
  128  19:14  Infestor  
  114  19:24  Overseer  
  110  19:29  Hatchery  
  109  19:33  Infestor x3  
  115  19:38  Baneling  
  115  19:39  Baneling x5  
  115  19:40  Baneling  
  115  19:41  Infestor x2  
  115  19:42  Infestor x3  
  115  19:44  Infestor  
  117  19:46  Overseer  
  117  19:48  Infestor x5  
  117  19:53  Zergling x2  
  117  19:57  Infestor x3  
  117  19:59  Infestor x3  
  124  20:04  Zergling x4  
  124  20:05  Zergling x2  
  127  20:07  Zergling x4  
  127  20:13  Infestor  
  129  20:21  Infestor  
  129  20:26  Infestor x2  
  133  20:49  Drone  
  134  20:52  Drone  
  134  20:54  Baneling x14  
  134  20:55  Zergling x8  
  134  20:56  Zergling x2  
  140  21:02  Hatchery  
  139  21:06  Ultralisk  
  145  21:21  Ultralisk  
  151  21:36  Drone x3  
  154  21:46  Zergling x4  
  154  21:47  Zergling x8  
  158  21:48  Zergling x2  
  158  21:49  Zergling x2  
  158  21:53  Zergling x2  
  162  21:55  Zergling x2  
  162  21:57  Zergling x6  
  163  22:30  Baneling x9  
  163  22:37  Hatchery  
  163  22:39  Baneling x2  
  162  22:47  Overseer  
  162  22:48  Overseer  
  145  23:06  Zergling x6  
  145  23:07  Zergling x4  
  145  23:08  Zergling x8  
  149  23:26  Ultralisk x3  
  167  23:27  Ultralisk  
  167  23:31  Zergling x4  
  167  23:32  Zergling x22  
  186  23:37  Viper x4  
  197  23:50  Drone  
  197  23:53  Infestor x4  
  193  24:17  Hatchery  
  190  24:27  Drone x3  
  192  24:36  Infestor x7  
  185  24:52  Drone  
  185  24:53  Drone  
  182  25:17  Infestor x3  
  144  25:30  Extractor x2  
  144  25:34  Drone  
  144  25:35  Drone x3  
  144  25:39  Ultralisk x2  
  144  25:41  Zergling x26  
  144  25:42  Zergling x8  
  169  25:48  Drone  
  168  25:56  Drone  
  162  26:09  Drone  
  163  26:20  Drone  
  163  26:22  Spawning Pool  
  163  26:39  Drone  
  165  26:40  Drone x2  
  165  26:41  Hatchery  
  165  26:44  Overseer  
  163  27:08  Drone x4  
  165  27:09  Spine Crawler  
  165  27:11  Drone x2  
  165  27:12  Spine Crawler  
  165  27:13  Spine Crawler  
  165  27:15  Spine Crawler  
  165  27:16  Viper x3  
  165  27:21  Hydralisk  
  176  27:31  Baneling  
  176  27:32  Baneling x2  
  176  27:40  Corruptor x2  
  180  27:48  Infestor  
  180  27:49  Infestor  
  181  27:59  Corruptor  
  183  28:13  Drone x2  
  176  28:25  Drone x3  
  177  28:28  Drone x2  
  177  28:30  Spine Crawler  
  177  28:32  Spine Crawler  
  177  28:37  Infestor x8  
  172  28:55  Infestor  
  172  28:56  Infestor x2  
  166  29:05  Overseer  
  160  29:29  Baneling x3  
  132  29:57  Infestor x4  
  132  29:59  Ultralisk  
  151  30:00  Ultralisk, Zergling x4  
  151  30:01  Zergling x18  
  151  30:02  Overlord x2  
  151  30:04  Overlord  
  160  30:15  Infestor x2  
  160  30:20  Drone x3  
  157  30:21  Drone x2  
  157  30:22  Drone  
  157  30:24  Overlord  
  158  30:30  Zergling x8  
  158  30:31  Zergling x30  
  177  30:38  Infestor  
  180  30:42  Drone  
  180  30:43  Drone, Overlord x2  
  180  30:46  Extractor  
  180  30:47  Extractor  
  179  30:52  Infestor x2  
  179  31:03  Corruptor x2  
  179  31:16  Drone  
  179  31:17  Drone, Spore Crawler  
  179  31:18  Spore Crawler  
  168  31:20  Spore Crawler  
  168  31:24  Drone  
  168  31:25  Drone x4  
  159  31:26  Drone x8  
  159  31:32  Drone  
  158  31:42  Drone  
  158  32:06  Infestor x7  
  158  32:29  Drone x3  
  157  32:32  Drone x3  
  153  32:41  Infestor x7  
  146  33:03  Drone x3  
  146  33:04  Drone x7  
  151  33:34  Overlord x4  
  151  33:35  Overlord  
  151  33:43  Overlord  
  150  33:54  Zergling x14  
  121  34:03  Viper x2  
  119  34:10  Drone x3  
  119  34:12  Zergling x2  
  119  34:13  Zergling x2  
  117  34:21  Drone x3  
  117  34:26  Drone  
  117  34:27  Drone  
  117  34:31  Drone  
  116  34:45  Drone x2  
  115  34:46  Drone x2  
  117  34:58  Drone x5  
  117  34:59  Drone  
  120  35:08  Drone x2  
  118  35:24  Drone  
  118  35:25  Drone x9  
  108  35:39  Drone x2  
  104  35:43  Drone x3  
  104  35:46  Drone x2  
  104  35:47  Drone  
  108  35:50  Extractor x2  
  106  36:06  Drone  
  106  36:07  Drone x9  
  106  36:10  Spore Crawler, Extractor  
  114  36:13  Spore Crawler  
  114  36:14  Spore Crawler x2  
  109  36:22  Drone  
  109  36:23  Drone x2  
  107  36:29  Drone x3  
  112  36:40  Lair  
  112  36:42  Drone  
  113  36:52  Zergling x16  
  121  36:56  Drone x3  
  124  37:06  Zergling x8  
  125  37:20  Hatchery  
  124  37:25  Zergling x8  
  124  37:26  Zergling x4  
  124  37:29  Drone x3  
  132  37:38  Zergling x2  
  132  37:39  Zergling x4  
  128  37:51  Drone x2  
  117  38:09  Zergling x2  
  117  38:10  Zergling x8  
  117  38:12  Zergling x2  
  123  38:21  Zergling x4  
  123  38:24  Zergling x6  
  123  38:25  Infestation Pit, Zergling x6  
  123  38:26  Zergling x6  
  133  38:32  Overseer  
  133  38:33  Zergling x2  
  134  38:34  Zergling x2  
  134  38:35  Zergling x2  
  137  38:42  Zergling x4  
  137  38:43  Zergling x2  
  134  38:49  Zergling x4  
  132  38:57  Hatchery  
  132  39:00  Zergling x8  
  133  39:03  Zergling x2  
  133  39:04  Zergling x2  
  133  39:09  Zergling x4  
  133  39:14  Drone x2  
  133  39:15  Drone  
  133  39:16  Hive  
  135  39:18  Infestor x3  
  135  39:23  Extractor  
  140  39:25  Extractor  
  140  39:26  Hatchery  
  132  39:39  Drone x2  
  132  39:41  Spawning Pool  
  108  40:11  Drone  
  108  40:12  Drone x9  
  108  40:14  Drone x3  
  109  40:35  Viper x2, Infestor  
  92  40:36  Viper x3  
  92  40:37  Queen  
  92  40:40  Drone  
  99  40:53  Viper x2  
  99  40:54  Queen  
  105  40:58  Viper  
  108  41:08  Viper  
  109  41:11  Infestor  
  109  41:13  Queen  
  107  41:25  Infestor  
  81  42:10  Infestor x3  
  87  42:26  Infestor x2  
  90  42:37  Infestor  
  92  42:46  Infestor  
Show
View Real Time Build Order
Export as new Build Order

Beastyqt Terran - Winner!

Build Orders: 1/1/1, Liberator Opening, MMM Bio 

Get SALT Encoding   

  12  0:01  SCV  
  13  0:13  SCV  
  14  0:18  Supply Depot  
  14  0:26  SCV  
  14  0:28  Refinery  
  15  0:39  SCV  
  16  0:45  Barracks  
  16  0:51  SCV  
  17  0:58  Refinery  
  17  1:04  SCV  
  18  1:16  SCV  
  19  1:28  SCV  
  19  1:32  Marine  
  20  1:34  Factory  
  21  1:42  Orbital Command  
  21  1:50  Marine  
  22  2:05  Supply Depot  
  22  2:09  SCV  
  22  2:11  Barracks Reactor  
  23  2:24  Starport  
  23  2:27  SCV  
  24  2:38  Armory  
  24  2:39  SCV  
  25  2:44  Liberator  
  25  2:51  SCV  
  25  2:55  Supply Depot  
  26  3:03  SCV  
  30  3:17  Supply Depot, Hellion x2  
  30  3:18  SCV  
  35  3:30  Liberator  
  35  3:31  SCV  
  35  3:32  Supply Depot  
  35  3:33  Marine  
  37  3:40  Hellion x2  
  43  3:55  SCV  
  44  3:59  Supply Depot  
  44  4:03  Hellion  
  44  4:07  Hellion  
  48  4:17  Liberator  
  48  4:23  SCV  
  49  4:37  Command Center, Marine  
  52  4:46  Marine  
  52  4:49  SCV  
  53  4:58  Marine  
  54  5:01  SCV  
  54  5:04  Marine  
  54  5:13  SCV  
  51  5:14  Liberator  
  51  5:19  Engineering Bay, Barracks  
  51  5:20  Barracks, Marine  
  52  5:22  Marine  
  52  5:25  SCV  
  51  5:41  Marine x2  
  50  5:50  SCV, Missile Turret  
  50  5:51  Missile Turret  
  51  5:58  Missile Turret  
  51  6:01  Liberator  
  51  6:02  Orbital Command  
  51  6:07  SCV  
  52  6:13  Barracks Tech Lab  
  52  6:15  Barracks Tech Lab  
  49  6:21  SCV  
  49  6:23  Missile Turret  
  49  6:24  Marine x2  
  52  6:31  SCV  
  53  6:35  Stimpack  
  53  6:38  Marine x2  
  55  6:40  SCV  
  55  6:42  Marine  
  55  6:43  Marine  
  58  6:48  SCV  
  58  6:56  SCV, Marine x2  
  58  7:00  Combat Shields, Marine  
  58  7:01  Marine  
  61  7:03  SCV  
  61  7:06  Starport Reactor  
  61  7:08  Terran Infantry Weapons Level 1  
  63  7:13  SCV  
  63  7:14  Marine x2  
  66  7:18  Marine  
  66  7:20  Marine  
  66  7:22  Supply Depot, SCV  
  69  7:23  Supply Depot  
  69  7:25  SCV  
  70  7:31  Marine  
  70  7:34  SCV  
  70  7:35  Marine x2  
  74  7:45  Command Center  
  74  7:47  Marine  
  74  7:49  Marine  
  75  7:53  Marine  
  75  7:55  Supply Depot, Medivac x2  
  80  7:59  Marine  
  80  8:05  Marine  
  81  8:09  Barracks  
  81  8:10  Barracks  
  81  8:12  SCV  
  81  8:14  Marauder  
  81  8:18  Supply Depot  
  83  8:27  Refinery x2  
  83  8:29  Engineering Bay  
  83  8:30  Medivac  
  83  8:33  Medivac  
  87  8:35  Marine  
  87  8:40  SCV x2  
  90  8:46  Supply Depot, Factory Reactor, Marine x2  
  92  8:52  SCV  
  92  8:55  SCV  
  94  8:58  Terran Infantry Armor Level 1  
  94  9:00  Orbital Command  
  94  9:04  SCV  
  94  9:07  Marine  
  94  9:08  Marine  
  94  9:09  Barracks Reactor  
  95  9:10  Marine  
  89  9:20  SCV, Marine  
  89  9:21  SCV  
  89  9:22  Orbital Command  
  75  9:25  Marine x2  
  75  9:28  Marine  
  63  9:31  Widow Mine x2  
  63  9:32  SCV  
  63  9:33  SCV  
  63  9:34  Supply Depot  
  63  9:38  Supply Depot  
  69  9:42  Bunker  
  69  9:43  Marine x2  
  69  9:44  SCV  
  69  9:45  Marine x3  
  74  9:47  Terran Infantry Weapons Level 2  
  75  9:54  Barracks Reactor  
  75  9:56  Supply Depot  
  75  9:59  Marine  
  74  10:01  SCV x2, Marine  
  77  10:09  Bunker x2  
  77  10:21  Marine x4  
  82  10:22  Orbital Command  
  82  10:23  Marine  
  82  10:28  Bunker, Widow Mine x2  
  87  10:33  Marine x2  
  91  10:36  Bunker x2, Marine  
  91  10:39  Marine  
  91  10:40  Marine x2  
  91  10:41  Marine  
  91  10:42  Marine  
  84  10:51  Marine x2  
  84  10:53  Marine  
  84  10:56  Starport, Marine  
  86  11:01  Marine  
  87  11:09  Marine x2  
  87  11:10  Liberator x2  
  89  11:15  Factory Tech Lab, Orbital Command  
  89  11:19  Marine x3  
  89  11:20  Marine  
  92  11:26  Marine x2  
  92  11:27  Marine  
  82  11:33  SCV x2  
  82  11:36  Starport Reactor  
  82  11:37  Siege Tank, Marine x4  
  91  11:46  SCV x2  
  93  11:48  Missile Turret  
  93  11:49  Marine x3  
  96  11:54  Marine  
  96  11:55  Marine x3  
  96  12:00  Terran Infantry Armor Level 2  
  100  12:03  Liberator x2  
  100  12:04  Liberator x2  
  100  12:07  SCV  
  98  12:12  Marine x2  
  100  12:17  SCV x2  
  100  12:20  Terran Ship Weapons Level 1  
  114  12:34  Refinery  
  114  12:35  Refinery  
  114  12:46  Liberator x2  
  114  12:49  Command Center  
  114  12:52  Marauder, Marine x3  
  114  12:57  Liberator  
  114  12:58  Liberator  
  119  13:01  Terran Infantry Weapons Level 3  
  125  13:13  Orbital Command  
  125  13:17  SCV x2  
  125  13:18  Bunker, Missile Turret  
  133  13:29  SCV x2  
  133  13:31  Marauder, Marine x3  
  133  13:33  Widow Mine  
  141  13:38  Factory  
  141  13:41  SCV  
  141  13:42  Marine  
  141  13:43  Marine x2  
  145  13:48  Marine  
  145  13:52  Supply Depot  
  145  13:54  Supply Depot  
  146  13:58  Marauder  
  146  14:00  Medivac x2  
  146  14:01  Medivac  
  153  14:02  Marine  
  153  14:03  Marine  
  153  14:07  Drilling Claws, Widow Mine  
  154  14:18  Marine  
  154  14:20  Liberator x3  
  155  14:24  Command Center  
  155  14:30  SCV x2, Marine  
  155  14:31  Marauder, Marine x2  
  171  14:41  SCV  
  171  14:42  SCV  
  173  14:47  Factory Reactor, Marine x3  
  175  14:55  Marine  
  168  15:01  SCV  
  168  15:05  Marine  
  170  15:10  Marine x3  
  170  15:13  SCV x2  
  175  15:15  Terran Ship Weapons Level 2, Refinery  
  175  15:16  Refinery  
  175  15:20  Widow Mine  
  177  15:22  SCV  
  177  15:24  Planetary Fortress, Missile Turret  
  177  15:25  SCV  
  177  15:26  SCV  
  177  15:27  Marine x2  
  182  15:32  Marine  
  182  15:33  Marauder, Widow Mine, Marine  
  182  15:35  SCV, Widow Mine  
  188  15:37  Orbital Command  
  188  15:41  SCV x2  
  188  15:54  Marine  
  188  15:56  Marine  
  185  16:03  Liberator x2  
  177  16:09  Marine  
  177  16:10  Marauder  
  165  16:12  Marine  
  165  16:17  Marine x3  
  164  16:19  SCV  
  164  16:20  Marine, Liberator  
  164  16:23  SCV x2  
  164  16:24  SCV, Bunker  
  158  16:27  Marine  
  158  16:31  Marauder  
  160  16:33  SCV  
  160  16:35  Marine x2  
  160  16:37  Widow Mine x2  
  160  16:38  Marine  
  169  16:41  Marine x2  
  170  16:48  Command Center  
  170  16:53  Marauder  
  165  16:59  Marine  
  165  17:01  Viking  
  168  17:03  Viking  
  168  17:05  Marine x2  
  168  17:06  Marine  
  173  17:13  Marine x2  
  173  17:14  Marauder  
  175  17:17  Marine  
  176  17:22  Marine  
  176  17:23  Marine  
  176  17:26  Liberator x2  
  175  17:36  Marine  
  175  17:37  Marine  
  165  17:41  Marauder, Marine x3  
  147  17:46  Marine  
  126  17:54  Marine x2  
  126  17:55  Viking x2  
  129  17:59  Marine x3  
  129  18:01  Orbital Command  
  129  18:02  Marine  
  129  18:04  SCV x2, Marine  
  134  18:10  SCV  
  134  18:12  Marine x2  
  137  18:17  Marine x3  
  137  18:18  Widow Mine  
  137  18:19  Refinery x2  
  142  18:20  Marine  
  142  18:21  Marine  
  142  18:25  Viking  
  146  18:28  SCV x2  
  146  18:30  SCV x2, Marine x2  
  152  18:35  Widow Mine x2  
  152  18:39  Marine x2  
  150  18:46  Liberator x2  
  134  18:48  Marine x2  
  134  18:49  Marine x2  
  134  18:50  Marine  
  131  18:56  Marine  
  131  18:57  Marine  
  99  19:06  Marine x2  
  99  19:07  Marine x3  
  106  19:14  Marine x2  
  103  19:17  SCV x2  
  103  19:18  SCV x2  
  103  19:19  SCV  
  103  19:23  Widow Mine  
  103  19:24  Marine x3  
  107  19:25  Marine x2  
  112  19:32  Marine x2  
  114  19:42  Marine x3  
  114  19:43  Marine x2  
  122  19:50  Marine x2  
  124  19:55  SCV x2  
  124  19:59  Marine  
  124  20:00  Marine x2  
  124  20:01  Marine x2  
  124  20:02  Widow Mine x2  
  133  20:08  Marine x2  
  133  20:10  Medivac x2  
  135  20:17  Marine x2  
  135  20:18  Marine  
  135  20:19  Marine x2  
  135  20:21  SCV  
  142  20:25  Marine  
  142  20:26  Marine  
  142  20:27  Orbital Command  
  133  20:31  SCV  
  133  20:35  Siege Tank, Marine x2  
  137  20:36  Orbital Command, Marine x3  
  133  20:43  SCV x2, Marine x2  
  133  20:49  SCV  
  138  20:50  Missile Turret  
  138  20:53  Marine  
  139  20:59  Marine x2  
  139  21:01  Marine  
  139  21:02  Marine  
  143  21:06  Marine  
  143  21:11  Marine  
  144  21:15  Orbital Command  
  144  21:17  Marine  
  144  21:18  Marine  
  145  21:26  Widow Mine x2  
  145  21:27  Raven  
  151  21:44  Orbital Command  
  151  21:46  Marine x3  
  154  21:51  Liberator  
  154  21:52  Command Center  
  152  21:57  SCV  
  152  22:09  SCV  
  156  22:19  Marine x3  
  156  22:22  SCV x2, Marine x2  
  158  22:34  SCV  
  158  22:35  SCV  
  160  22:38  Marine x4  
  160  22:39  SCV x3  
  160  22:41  Refinery  
  160  22:42  Refinery  
  165  22:45  Sensor Tower  
  165  22:47  SCV  
  166  22:53  Marine x3  
  166  22:57  SCV x2, Liberator  
  166  22:58  Liberator  
  160  23:15  Marine  
  160  23:16  Marine x3  
  163  23:30  SCV x2  
  163  23:34  SCV  
  165  23:37  Widow Mine  
  165  23:38  Widow Mine  
  167  23:42  SCV  
  167  23:45  Command Center  
  167  23:46  Command Center, SCV  
  167  23:48  Medivac  
  171  23:51  Liberator  
  171  23:54  SCV  
  172  23:56  Marine x2  
  172  23:57  Medivac, Bunker, Marine  
  172  23:58  SCV  
  176  24:10  SCV, Marine x2  
  176  24:12  Marine  
  171  24:23  Planetary Fortress  
  170  24:33  Liberator  
  170  24:35  Marine x4  
  170  24:36  Marine  
  172  24:40  Marine x3  
  171  24:45  Bunker  
  174  24:52  Refinery  
  174  24:53  Refinery, Marine x2  
  174  24:55  Refinery  
  174  24:56  Refinery  
  176  25:03  Liberator  
  176  25:10  Marine x2  
  176  25:11  Marine  
  179  25:18  Liberator  
  179  25:19  Marine x2  
  172  25:21  Marine x3  
  172  25:23  Orbital Command  
  168  25:28  Marine x3  
  173  25:37  Marine x2  
  173  25:39  Marine x3  
  173  25:40  SCV x2  
  180  25:46  Marine  
  180  25:49  SCV  
  177  25:50  Marine x2  
  177  25:55  SCV, Marine x2  
  169  25:57  Marine  
  169  26:00  SCV x2  
  169  26:07  SCV  
  169  26:09  Missile Turret  
  167  26:13  Missile Turret  
  167  26:14  Planetary Fortress  
  167  26:16  Widow Mine x2  
  167  26:17  Marine x2  
  167  26:18  Marine  
  174  26:20  SCV  
  174  26:23  SCV x3  
  174  26:24  SCV  
  179  26:30  Missile Turret  
  170  26:43  Refinery  
  170  26:45  Refinery  
  169  26:49  Raven  
  169  26:53  Marine x3  
  174  26:54  Marine  
  174  26:55  Marine  
  174  26:59  Marine x2  
  164  27:13  Fusion Core  
  164  27:34  Starport  
  164  27:35  Planetary Fortress  
  164  27:38  Refinery  
  164  27:39  SCV x5, Starport  
  164  27:40  Refinery, Orbital Command  
  164  27:41  Starport  
  164  27:42  Marine x2  
  170  28:05  Terran Ship Weapons Level 3  
  159  28:20  Starport Tech Lab x2  
  159  28:23  Marine x3  
  159  28:24  Terran Infantry Armor Level 3  
  159  28:26  Starport Tech Lab  
  153  28:29  SCV x2  
  153  28:30  SCV x2, Missile Turret  
  157  28:34  SCV  
  157  28:35  SCV x3  
  161  28:42  SCV  
  161  28:44  SCV x2  
  164  28:52  SCV x2  
  164  28:55  Banshee x3  
  169  28:56  Cloaking Field  
  167  29:04  Hyperflight Rotors  
  167  29:06  SCV x2  
  159  29:43  Banshee x2  
  159  29:44  Banshee  
  158  29:46  Viking x2  
  158  29:47  Building Armor  
  158  29:51  Marine x4  
  158  29:52  Marine x3  
  149  30:11  SCV  
  149  30:12  SCV x4  
  149  30:13  SCV  
  149  30:14  Refinery  
  149  30:18  Marine  
  149  30:19  Marine x2  
  138  30:23  SCV x2  
  138  30:25  SCV x2  
  137  30:40  SCV x4  
  141  30:45  Behemoth Reactor  
  141  30:53  SCV x2  
  143  31:01  Hi-Sec Auto Tracking  
  121  31:17  Marine x3  
  121  31:18  Marine x2  
  119  31:19  Marine x2  
  119  31:22  Marine  
  119  31:23  SCV x3  
  125  31:32  Raven x2  
  129  31:35  Marine  
  129  31:39  Marine  
  131  31:42  Weapon Refit  
  131  31:51  Battlecruiser  
  137  32:05  SCV x3  
  133  32:26  Battlecruiser  
  136  32:30  Battlecruiser  
  139  32:39  Marine x2  
  139  32:42  SCV x2  
  116  33:02  SCV x3  
  117  33:10  SCV  
  118  33:15  Raven  
  118  33:16  Raven  
  118  33:19  Missile Turret  
  119  33:46  Battlecruiser, Terran Vehicle And Ship Armor Level 1  
  125  33:53  Orbital Command  
  125  33:54  Orbital Command  
  93  34:15  Battlecruiser, Marine  
  93  34:16  Marine  
  100  34:18  Marine  
  100  34:23  SCV  
  96  34:39  Marine  
  96  34:42  Banshee  
  100  34:46  Banshee  
  100  34:52  SCV x3  
  103  35:26  Battlecruiser, Missile Turret  
  109  35:38  Marine x2  
  109  35:39  Marine  
  118  35:52  SCV x3  
  118  35:53  SCV x2  
  118  35:54  SCV x2  
  119  36:09  SCV x2  
  119  36:11  SCV x2  
  122  36:14  SCV  
  120  36:18  Marine  
  120  36:20  Marine x3  
  120  36:24  SCV  
  122  36:26  Marine  
  122  36:34  Raven  
  122  36:35  Medivac  
  122  36:36  Medivac  
  122  36:37  Marine  
  127  36:43  Marine x3  
  126  36:47  Marine x2  
  128  36:55  Marine  
  128  37:00  Marine  
  130  37:01  Marine  
  130  37:02  Marine  
  130  37:05  Marine x2  
  134  37:14  Marine  
  132  37:16  Battlecruiser  
  132  37:18  Marine  
  132  37:19  Marine  
  132  37:20  Marine  
  141  37:23  Marine  
  141  37:30  Battlecruiser  
  146  37:38  Marine x2  
  146  37:39  Marine  
  146  37:41  Orbital Command  
  147  37:52  Battlecruiser  
  152  38:02  Battlecruiser  
  148  38:14  SCV x3  
  151  38:28  Sensor Tower, Missile Turret  
  151  38:29  Raven  
  153  38:34  Raven  
  153  38:37  Marine x4  
  159  38:44  SCV x3  
  159  38:45  SCV  
  150  38:55  Raven  
  152  39:09  Battlecruiser  
  130  40:10  Battlecruiser  
  136  40:24  Orbital Command  
  135  40:38  Battlecruiser  
  135  40:42  Marine  
  141  40:43  Marine x5  
  141  40:47  Orbital Command  
  137  41:00  Marine  
  137  41:01  Marine x2  
  137  41:15  Marine x3  
  137  41:18  Marine  
  140  41:26  Bunker, Missile Turret  
  140  41:27  Bunker  
  140  41:31  Orbital Command  
  134  41:48  Orbital Command  
  128  42:10  SCV x2  
  130  42:18  Marine x2  
  130  42:19  Marine  
  133  42:23  SCV x3  
  133  42:28  SCV  
  138  42:31  SCV  
  138  42:35  Orbital Command  
  133  42:40  Marine x3  
  133  42:41  Marine  
  133  42:43  Hellion x3  
  143  42:58  Marine  
Tags
 
Add a new tag
Caveats
  • Supply blocks, unpowered buildings, or Contaminate may cause inaccurate times.
  • Supply counts are checked every 10 seconds.